 Dungeon Crawl Stone Soup version 0.19.0-19-g8c6edcc (webtiles) character file.

99 HungrySpirit the Chopper (level 4, 0/34 HPs)
             Began as a Mummy Gladiator on Nov 13, 2016.
             Slain by an orc
             ... wielding a +0 flail
              (2 damage)
             ... on level 3 of the Dungeon.
             The game lasted 00:02:19 (1749 turns).

HungrySpirit the Chopper (Mummy Gladiator)          Turns: 1749, Time: 00:02:19

Health: 0/34       AC:  7    Str: 19    XL:     4   Next: 45%
Magic:  4/4        EV: 12    Int:  7    God:
Gold:   24         SH:  0    Dex: 12    Spells: 0 memorised, 3 levels left

rFire  x . .     SeeInvis .     a - +0 war axe
rCold  + . .     Gourm    .     b - +0 leather armour
rNeg   + + +     Faith    .     (no shield)
rPois  ∞         Spirit   .     c - +0 helmet
rElec  .         Reflect  .     (no cloak)
rCorr  .         Harm     .     (no gloves)
MR     .....                    h - +0 pair of boots
Stlth  +.........               (no amulet)
                                (no ring)
                                e - +2 ring of protection

@: no status effects
A: no food or potions, fire vulnerability, cold resistance 1, negative energy
resistance 3, torment resistance, unbreathing
a: no special abilities


You were on level 3 of the Dungeon.
You were not hungry.

You visited 1 branch of the dungeon, and saw 3 of its levels.

You collected 24 gold pieces.

Inventory:

Hand Weapons
 a - a +0 war axe (weapon)
Missiles
 d - 3 throwing nets (quivered)
Armour
 b - a +0 leather armour (worn)
 c - a +0 helmet (worn)
 h - a +0 pair of boots (worn)
Jewellery
 e - a +2 ring of protection (left hand)
Wands
 l - a wand of disintegration (14/24)
Scrolls
 f - 2 scrolls of enchant armour {unknown}
 g - a scroll of enchant weapon {unknown}
 i - a scroll of identify {unknown}
 j - a scroll of blinking {unknown}
 k - 3 scrolls of immolation {unknown}


   Skills:
 + Level 2.9 Fighting
 * Level 3.9 Axes
 - Level 1.5 Throwing
 - Level 2.4 Dodging


You had 3 spell levels left.
You didn't know any spells.

Dungeon Overview and Level Annotations

Branches:
Dungeon (3/15)

Altars:
Ru
Xom
Zin


Innate Abilities, Weirdness & Mutations

You do not eat or drink.
Your flesh is vulnerable to fire.
You are immune to poison.
Your flesh is cold resistant. (rC+)
You are immune to negative energy. (rN+++)
You are immune to unholy pain and torment.
You can survive without breathing.


Message History

You kill the gnoll!
The orc throws a tomahawk.
The tomahawk misses you.
You hit the gnoll.
The gnoll is lightly wounded.
The gnoll barely misses you.
You barely miss the gnoll.
The gnoll is lightly wounded.
You hit the gnoll but do no damage.
The gnoll hits you with an enchanted flail.
The orc throws a tomahawk.
The tomahawk barely misses you. The gnoll misses you.
The orc throws a tomahawk.
The tomahawk hits you.
* * * LOW HITPOINT WARNING * * *
The gnoll closely misses you.
A rat comes into view.
The rat moves out of view.
The gnoll hits you with an enchanted flail!
* * * LOW HITPOINT WARNING * * *
The orc misses you. The orc hits you with a flail.
You die...

#..## #.(..[......
##...####.#.....##
#..#...(....()..#
#...>..##...#)..#
###.#..#go).###gg.#
##........####
#.... ###
##.....#gg## ......
#..###...####o.#
......
####...†...###..@.#
..... #.......##.#
#.#.## #.###
........##.##..#.#
#[....<.##..r. #.#
............# #.#
...####......# #.#
## #..###.. ...
...# # ... .###


You could see 2 gnolls, 2 orcs, a goblin and a rat.

Vanquished Creatures
  A gnoll (D:3)
  An adder (D:2)
  A worm (D:2)
  3 dart slugs
  2 leopard geckos (D:1)
  4 orcs
  5 giant cockroaches
  9 goblins
  4 hobgoblins
  4 jackals (D:1)
  6 kobolds
  2 quokkas (D:2)
  8 bats
  4 frilled lizards
  11 rats
65 creatures vanquished.

Notes
Turn   | Place    | Note
-------+----------+-------------------------------------------
     0 | D:1      | HungrySpirit the Mummy Gladiator began the quest for the Orb.
     0 | D:1      | Reached XP level 1. HP: 16/16 MP: 1/1
   283 | D:1      | Reached XP level 2. HP: 19/22 MP: 2/2
   450 | D:1      | Reached skill level 3 in Axes
   542 | D:1      | Reached XP level 3. HP: 26/28 MP: 3/3
  1242 | D:2      | Found a shimmering altar of Xom.
  1245 | D:2      | Noticed an angel
  1246 | D:2      | Found a glowing silver altar of Zin.
  1292 | D:2      | Found a sacrificial altar of Ru.
  1469 | D:2      | Reached XP level 4. HP: 28/34 MP: 4/4
  1629 | D:2      | Found a sacrificial altar of Ru.
  1746 | D:3      | HP: 1/34 [gnoll/enchanted flail (8)]
  1749 | D:3      | Slain by an orc

Skill      XL: |  1  2 |
---------------+-------+-----
Axes           | 3 |  3.9
Fighting       | |  2.9
Throwing       | |  1.5
Dodging        | |  2.4

Action                   |  1- 3 |  4- 6 || total
-------------------------+-------+-------++-------
Melee: War axe           |   134 |    30 ||   164
Armor: Leather armour    |    50 |    17 ||    67
Dodge: Dodged            |    96 |    25 ||   121
